 Dungeon Crawl Stone Soup version 0.23.0 (webtiles) character file.

Game seed: 5885204521826706787

54616 Monsterracer the Cleaver (level 14, -9/91 HPs)
             Began as a Gargoyle Fighter on Feb 8, 2019.
             Was an Elder of Okawaru.
             Hit by a large rock thrown by a cyclops (26 damage)
             ... on level 2 of the Orcish Mines.
             The game lasted 00:17:13 (20189 turns).

Monsterracer the Cleaver (Gargoyle Fighter)        Turns: 20189, Time: 00:17:14

Health: -9/91      AC: 37    Str: 27      XL:     14   Next: 73%
Magic:  21/21      EV:  9    Int:  8 (10) God:    Okawaru [****..]
Gold:   1354       SH: 21    Dex:  9      Spells: 13/13 levels left

rFire    . . .     SeeInvis .   a - +5 broad axe
rCold    + . .     Gourm    .   v - +0 large shield
rNeg     + . .     Faith    +   E - +0 chain mail {rC+}
rPois    ∞         Spirit   .   m - +1 helmet
rElec    +         Reflect  .   C - scarf {repulsion}
rCorr    .         Harm     .   j - +1 pair of gloves {archery}
MR       +....                  h - +1 pair of boots
Stlth    ..........             H - amulet of faith
HPRegen  0.00/turn              K - +5 ring of protection
MPRegen  0.17/turn              x - +3 ring of strength

@: heroism, flying, repel missiles
A: big wings, negative energy resistance 1, electricity resistance, inhibited
regeneration, unbreathing, petrification resistance, rot immunity, AC +10
a: Stop Flying, Heroism, Renounce Religion


You were on level 2 of the Orcish Mines.
You worshipped Okawaru.
Okawaru was greatly pleased with you.
You were not hungry.

You visited 4 branches of the dungeon, and saw 20 of its levels.
You also visited: Ossuary.

You collected 1354 gold pieces.

Inventory:

Hand Weapons
 a - a +5 broad axe (weapon)
 b - a +0 morningstar of protection
Armour
 h - a +1 pair of boots (worn)
 j - a +1 pair of gloves of archery (worn)
 m - a +1 helmet (worn)
 v - a +0 large shield (worn)
 C - a scarf of repulsion (worn)
 E - a +0 chain mail of cold resistance (worn)
Jewellery
 p - an uncursed amulet of regeneration
 x - a +3 ring of strength (right hand)
 H - an amulet of faith (around neck)
 K - a +5 ring of protection (left hand)
 S - an uncursed ring of see invisible
Wands
 l - a wand of acid (22)
 G - a wand of digging (5)
 I - a wand of scattershot (8)
Scrolls
 i - 4 scrolls of fog
 r - 6 scrolls of remove curse
 s - a scroll of summoning
 t - 6 scrolls of teleportation
 y - 2 scrolls of fear
 B - a scroll of holy word
 D - 2 scrolls of silence
 L - a scroll of magic mapping
Potions
 d - 4 potions of might
 e - 9 potions of curing
 g - 5 potions of haste
 k - 4 potions of flight
 n - a potion of berserk rage
 o - a potion of mutation
 q - a potion of cancellation
 u - 3 potions of resistance
 w - 2 potions of heal wounds
 z - 3 potions of magic
 A - 2 potions of brilliance
 F - 3 potions of invisibility
 J - a potion of ambrosia
 M - a potion of agility {unknown}
Comestibles
 c - 40 rations


   Skills:
 + Level 11.7(16.7) Fighting
 * Level 14.3(19.3) Axes
 + Level 11.6(16.6) Armour
 + Level 11.7(16.7) Shields
 - Level 10.0 Invocations


You had 13 spell levels left.
You didn't know any spells.
Your spell library contained the following spells:

 Spells                   Type           Power        Failure   Level  Hunger
 Confusing Touch          Hex            #.....       99%         1    ##.....
 Magic Dart               Conj           #...         99%         1    ##.....
 Blink                    Tloc           N/A          100%        2    ###....
 Call Imp                 Summ           #.......     100%        2    ###....
 Shroud of Golubria       Chrm/Tloc      #.........   100%        2    ###....
 Slow                     Hex            #.......     100%        2    ###....
 Confuse                  Hex            #.......     100%        3    ####...
 Conjure Flame            Conj/Fire      #.......     100%        3    ####...
 Gell's Gravitas          Tloc           #.........   100%        3    ####...
 Lesser Beckoning         Tloc           #.........   100%        3    ####...
 Mephitic Cloud           Conj/Pois/Air  #.......     100%        3    ####...
 Teleport Other           Tloc           #.......     100%        3    ####...
 Passage of Golubria      Tloc           N/A          100%        4    #####..
 Petrify                  Tmut/Erth      #.......     100%        4    #####..
 Bolt of Magma            Conj/Fire/Erth #.........   100%        5    ######.
 Iskenderun's Battlesphe  Conj/Chrm      #.......     100%        5    ######.
 Metabolic Englaciation   Hex/Ice        #.........   100%        5    ######.
 Venom Bolt               Conj/Pois      #.........   100%        5    ######.
 Yara's Violent Unravell  Hex/Tmut       #.........   100%        5    ######.
 Iron Shot                Conj/Erth      #.........   100%        6    #######
 Orb of Destruction       Conj           #.........   100%        7    #######
 Spellforged Servitor     Conj/Summ      #.........   100%        7    #######


Dungeon Overview and Level Annotations

Branches:
Dungeon (11/15)            Temple (1/1) D:6            Lair (6/6) D:11
 Shoals (0/4) Lair:4       Spider (0/4) Lair:4        Slime (0/5) Lair:6
    Orc (2/2) D:9
    Elf: Orc:2

Altars:
Ashenzari
Cheibriados
Dithmenos
Elyvilon
Fedhas
Gozag
Hepliaklqana
Kikubaaqudgha
Makhleb
Nemelex Xobeh
Okawaru
Qazlal
Ru
Sif Muna
Trog
Uskayaw
Vehumet
Wu Jian
Xom
Yredelemnul
Zin
The Shining One

Annotations:
Lair:2 exclusion: oklob plant
Lair:5 exclusion: oklob plant
Orc:2 Donald


Innate Abilities, Weirdness & Mutations

You are resistant to torment.
Your stone body is resilient. (AC +10)
You are immune to poison.
Your large and strong wings let you fly indefinitely.
You resist negative energy. (rN+)
You are resistant to electric shocks. (rElec)
You can survive without breathing.
You are immune to petrification.
You are immune to rotting.
You do not regenerate when monsters are visible.


Message History

There is a stone staircase leading up here.
An orc comes into view.
The orc shouts!
You block the orc's attack.
You barely miss the orc. You block the orc's attack.
Unknown command.
There are monsters nearby!
There are monsters nearby!
You closely miss the orc.
A cyclops comes into view.
Donald the Adventurer comes into view.
He is wielding a +3 scimitar of holy wrath and wearing a +0 shield of reflection.
The orc priest calls down the wrath of Beogh upon you.
Beogh smites you! The orc hits you but does no damage.
A cyclops comes into view.
You take 14 damage, and have 77/91 hp.
There are monsters nearby!
Donald shouts!
You hit the orc.
The orc is heavily wounded.
You block the orc warrior's attack.
The orc wizard casts a spell.
The orc wizard flickers and vanishes!
Deactivating autopickup; reactivate with Ctrl-A.
The orc priest begins to cast a cantrip, but forgets the words!
Donald mumbles some strange words.
Donald seems to grow stronger.
You block the orc's attack.
Unknown command.
There is a stone staircase leading up here.
You gain the combat prowess of a mighty hero.
The ogre barely misses you.
You now have 19/21 mp.
Okay, then.
You hit the ogre.
The ogre is moderately wounded.
The orc warrior hits you but does no damage.
You slash the ogre!
The ogre is severely wounded.
You hit something but do no damage. You block the ogre's attack.
You block the orc warrior's attack.
You slash the ogre!
You kill the ogre!
Okawaru accepts your kill.
You hit the orc priest. You slice something!! Okawaru accepts your kill.
Reactivating autopickup.
You feel a bit more experienced. You block the orc priest's attack.
You slash the orc!
You kill the orc!
You completely miss the orc priest. You block the orc warrior's attack.
The orc priest barely misses you.
You barely miss the orc priest.
The orc priest is moderately wounded.
The orc warrior hits you but does no damage.
You closely miss the orc priest.
The orc priest is moderately wounded.
You slash the orc!
You kill the orc!
You block the orc priest's attack.
An orc warrior comes into view. It is wielding a +0 flail.
The orc warrior shouts!
You slice the orc priest!!
You kill the orc priest!
Okawaru accepts your kill. You block the orc warrior's attack.
Donald says, "Why is it so dark?
Have they never heard of torches?"
You hit Donald.
Donald is lightly wounded.
You block the orc warrior's attack. Donald blocks your attack.
Donald is lightly wounded.
You block Donald's attack.
An orc wizard comes into view. It is wielding a +0 dagger.
You block the orc warrior's attack.
Donald casts a spell.
Donald seems to speed up.
The cyclops barely misses you. The cyclops hits you.
Things that are here:
a +0 dagger of protection; a +0 dagger; a +2 robe of cold resistance You take 2 damage, and have 75/91 hp.
You slice Donald!!
Donald is moderately wounded.
You hit the cyclops but do no damage. You slash the orc warrior!
You slash the cyclops!
Donald hits you with a +3 scimitar of holy wrath!!
You block the orc warrior's attack.
You take 24 damage, and have 51/91 hp.
MASSIVE DAMAGE!!
Donald blocks your attack.
Donald is moderately wounded.
You hit the cyclops. You barely miss the orc warrior.
You barely miss the cyclops.
Donald hits you with a +3 scimitar of holy wrath!!
* * * LOW HITPOINT WARNING * * *
You block the cyclops's attack. x2
An orc comes into view.
The orc warrior misses you.
You take 26 damage, and have 25/91 hp.
MASSIVE DAMAGE!!
You are too injured to fight recklessly!
Donald hits you with a +3 scimitar of holy wrath!
* * * LOW HITPOINT WARNING * * *
The cyclops throws a large rock.
The large rock hits you!!
You die...

..........$.##
#............##
..............#
..............<
...............
...........#.#
............#..
.......@)......
......@)[......
......CoC......
.....<.o.....#.
.............#
.........o...#
...............
..........#....
......o...#....


You could see Donald, 2 cyclopes, 2 orc warriors and an orc wizard.

Vanquished Creatures
  A dire elephant (Lair:6)
  4 hydras
  7 death yaks
  A merfolk avatar (Lair:6)
  An orc high priest (Orc:1)
  Sonja (Orc:1)
  2 sea snakes (Lair:6)
  2 manticores (Lair:6)
  4 black mambas
  18 elephants
  A centaur zombie (D:10)
  14 spiny frogs
  A centaur skeleton (D:11)
  4 rime drakes
  13 komodo dragons
  A troll (Orc:1)
  A wind drake (Lair:6)
  5 jumping spiders (Lair:4)
  5 polar bears (Lair:6)
  4 hornets
  Grinder (D:3)
  The ghost of Tiagovsky the Vandal, an amateur HaHu (D:3)
  4 dream sheep (Lair:5)
  18 blink frogs
  6 hippogriffs
  4 redbacks (Lair:4)
  A wraith (D:10)
  3 wyverns
  35 yaks
  3 basilisks (Lair:1)
  An acid dragon (D:11)
  A warg (Orc:1)
  A soldier ant (D:8)
  8 porcupines
  18 water moccasins
  13 orc warriors
  A black bear (D:10)
  3 ice beasts
  4 sky beasts
  10 wolves
  3 ogres
  12 centaurs
  13 crocodiles
  2 big kobolds
  11 bullfrogs
  3 scorpions
  6 wights
  A vampire bat (Lair:6)
  5 howler monkeys
  An electric eel (Lair:3)
  5 crimson imps
  6 jellies
  A quasit (D:8)
  3 bullfrog zombies
  15 orc priests
  2 bullfrog skeletons
  6 hounds
  Jessica (D:3)
  14 iguanas
  Terence (D:3)
  5 hell rats (Lair:4)
  13 orc wizards
  5 worker ants
  3 mummies (Ossuary)
  Robin (D:3)
  12 adders
  3 gnolls (D:5)
  2 shadow imps
  2 oozes (Lair:6)
  4 adder zombies (Ossuary)
  2 adder skeletons
  6 worms
  2 dart slugs
  9 leopard geckos
  46 orcs
  6 giant cockroaches
  17 goblins
  5 hobgoblins
  15 jackals
  5 quokkas
  3 ball pythons
  A ball python skeleton (D:5)
  19 bats
  3 frilled lizards
  3 goblin zombies (Ossuary)
  2 hobgoblin zombies (Ossuary)
  24 kobolds
  5 kobold zombies (Ossuary)
  2 quokka skeletons (D:5)
  2 quokka zombies (Ossuary)
  9 rats
  2 rat zombies (Ossuary)
  6 fungi
  7 plants
588 creatures vanquished.

Vanquished Creatures (others)
  3 death yaks (Lair:6)
  A blink frog (Lair:6)
  17 fungi
  11 plants
  14 toadstools (Lair:2)
46 creatures vanquished.

Grand Total: 634 creatures vanquished

Notes
Turn   | Place    | Note
-------+----------+-------------------------------------------
     0 | D:1      | Monsterracer the Gargoyle Fighter began the quest for the
                  | Orb.
     0 | D:1      | Reached XP level 1. HP: 14/14 MP: 1/1
    65 | D:1      | Reached skill level 2 in Axes
   305 | D:1      | Reached XP level 2. HP: 19/19 MP: 2/2
   979 | D:2      | Reached skill level 3 in Axes
  1052 | D:2      | Reached XP level 3. HP: 21/23 MP: 3/3
  1115 | D:2      | Found a faded altar of an unknown god.
  1409 | D:2      | Reached XP level 4. HP: 25/28 MP: 4/4
  1457 | D:2      | Reached skill level 4 in Axes
  1901 | D:3      | Found a stormy altar of Qazlal.
  2090 | D:3      | Found a white marble altar of Elyvilon.
  2104 | D:3      | Found an ancient bone altar of Kikubaaqudgha.
  2130 | D:3      | Noticed Grinder
  2132 | D:3      | Paralysed by Grinder for 3 turns
  2142 | D:3      | Killed Grinder
  2142 | D:3      | Reached skill level 5 in Axes
  2142 | D:3      | Reached XP level 5. HP: 20/32 MP: 5/5
  2142 | D:3      | Reached XP level 6. HP: 23/37 MP: 6/6
  2341 | D:3      | Noticed Terence
  2355 | D:3      | Killed Terence
  2462 | D:3      | Reached skill level 6 in Axes
  2770 | D:3      | Noticed Jessica
  2776 | D:3      | Killed Jessica
  2817 | D:3      | Noticed Robin
  2831 | D:3      | Killed Robin
  2953 | D:3      | Found a runed translucent door.
  2955 | D:3      | Noticed Tiagovsky's ghost (amateur HaHu)
  3098 | D:4      | Found a sand-covered staircase.
  3117 | D:4      | Reached XP level 7. HP: 37/42 MP: 7/7
  3177 | Ossuary  | Entered an ossuary
  3732 | D:4      | Found a shattered altar of Ashenzari.
  3925 | D:4      | Reached XP level 8. HP: 48/48 MP: 8/8
  3977 | D:4      | Reached skill level 7 in Axes
  4298 | D:5      | Entered Level 5 of the Dungeon
  4355 | D:5      | Found a sacrificial altar of Ru.
  4429 | D:5      | Reached skill level 5 in Fighting
  4429 | D:5      | Reached skill level 5 in Shields
  4488 | D:5      | Reached skill level 5 in Armour
  5190 | D:6      | Found a staircase to the Ecumenical Temple.
  5226 | Temple   | Entered the Ecumenical Temple
  5411 | Temple   | Became a worshipper of Warmaster Okawaru
  5888 | D:6      | Reached XP level 9. HP: 44/54 MP: 9/9
  5943 | D:7      | Reached skill level 8 in Axes
  5943 | D:7      | Reached skill level 1 in Invocations
  6677 | D:7      | Reached * piety under Okawaru
  6868 | D:7      | Found a burning altar of Makhleb.
  6870 | D:7      | Noticed an Executioner
  6872 | D:7      | Found a glowing silver altar of Zin.
  6874 | D:7      | Noticed an angel
  7613 | D:8      | Reached skill level 9 in Axes
  7765 | D:8      | Noticed a hornet
  7778 | D:8      | Killed a hornet
  7778 | D:8      | Reached ** piety under Okawaru
  7778 | D:8      | Reached XP level 10. HP: 49/61 MP: 10/12
  9224 | D:9      | Got an iridescent long sword
  9594 | D:9      | Found a staircase to the Orcish Mines.
  9662 | D:10     | Entered Level 10 of the Dungeon
  9682 | D:10     | Reached *** piety under Okawaru
  9682 | D:10     | Reached skill level 10 in Axes
  9682 | D:10     | Reached skill level 5 in Invocations
  9873 | D:10     | Reached XP level 11. HP: 55/68 MP: 11/15
  9880 | D:10     | Reached **** piety under Okawaru
 10309 | D:10     | You fall through a shaft!
 10330 | D:11     | Noticed a death yak
 10330 | D:11     | Noticed a death yak
 10332 | D:11     | Noticed a death yak
 10333 | D:11     | Noticed a death yak
 10504 | D:11     | Noticed an eight-headed hydra
 10517 | D:10     | Killed an eight-headed hydra
 10517 | D:10     | Reached ***** piety under Okawaru
 10704 | D:11     | Found a hazy altar of Hepliaklqana.
 10733 | D:11     | Found a staircase to the Lair.
 10746 | Lair:1   | Entered Level 1 of the Lair of Beasts
 10838 | Lair:1   | Reached skill level 11 in Axes
 11489 | Lair:1   | Received a gift from Okawaru
 11501 | Lair:1   | Reached XP level 12. HP: 71/75 MP: 15/17
 11914 | Lair:1   | Found a sparkling altar of Nemelex Xobeh.
 12642 | Lair:2   | Found a blossoming altar of Fedhas.
 13207 | Lair:3   | Received a gift from Okawaru
 13243 | Lair:3   | Reached ****** piety under Okawaru
 13449 | Lair:3   | Reached skill level 12 in Axes
 13910 | Lair:3   | Received a gift from Okawaru
 13917 | Lair:3   | Reached skill level 10 in Shields
 13923 | Lair:3   | Got a heavily runed ring mail {god gift}
 14504 | Lair:4   | Reached XP level 13. HP: 82/82 MP: 16/19
 14593 | Lair:4   | Reached skill level 10 in Fighting
 14593 | Lair:4   | Reached skill level 10 in Armour
 15302 | Lair:4   | Found a staircase to the Shoals.
 15635 | Lair:4   | Found a hole to the Spider Nest.
 15653 | Lair:4   | Reached skill level 13 in Axes
 16256 | Lair:5   | Identified the +0 ring mail of the Equator {rF+ rC+ Dex-3}
                  | (Okawaru gifted it to you on level 3 of the Lair of Beasts)
 17178 | Lair:6   | Entered Level 6 of the Lair of Beasts
 17228 | Lair:6   | Received a gift from Okawaru
 17274 | Lair:6   | Gained mutation: Your large and strong wings let you fly
                  | indefinitely. [Gargoyle growth]
 17274 | Lair:6   | Reached XP level 14. HP: 82/88 MP: 19/21
 17390 | Lair:6   | Noticed a dire elephant
 17411 | Lair:6   | Received a gift from Okawaru
 17428 | Lair:6   | Killed a dire elephant
 17428 | Lair:6   | Reached skill level 10 in Invocations
 17671 | Lair:6   | Found a staircase to the Slime Pits.
 18096 | Lair:6   | Reached skill level 14 in Axes
 18807 | D:11     | Received a gift from Okawaru
 19584 | D:3      | Killed Tiagovsky's ghost
 19755 | Orc:1    | Entered Level 1 of the Orcish Mines
 19770 | Orc:1    | Gained mutation: You do not regenerate when monsters are
                  | visible. [a neqoxec]
 19998 | Orc:1    | Noticed Sonja
 20001 | Orc:1    | Killed Sonja
 20170 | Orc:2    | Entered Level 2 of the Orcish Mines
 20173 | Orc:2    | Noticed Donald
 20189 | Orc:2    | Hit by a large rock thrown by a cyclops

Skill      XL: |  1  2  3  4  5  6  7  8  9 10 11 12 13 14 |
---------------+-------------------------------------------+-----
Axes           | 2 3 5 6 7 9 10 11 12 13 14 | 14.3
Fighting       | 4 5 6 7 8 9 10 11 | 11.7
Shields        | 4 5 6 7 9 10 11 | 11.7
Armour         | 4 5 6 7 8 9 10 11 | 11.6
Invocations    | 3 5 6 8 9 10 | 10.0

Action                   |  1- 3 |  4- 6 |  7- 9 | 10-12 | 13-15 || total
-------------------------+-------+-------+-------+-------+-------++-------
Melee: War axe           |   148 |    23 |       |       |       ||   171
       Broad axe         |       |   212 |   428 |   656 |   579 ||  1875
       Morningstar       |       |       |       |     8 |    24 ||    32
Invok: Heroism           |       |       |     2 |    14 |    11 ||    27
       Finesse           |       |       |       |       |     2 ||     2
 Abil: Fly               |       |       |       |       |     1 ||     1
Evoke: Wand              |       |       |       |       |     3 ||     3
  Use: Potion            |       |     1 |     1 |     1 |       ||     3
       Scroll            |       |     9 |    10 |     6 |    10 ||    35
  Eat: Chunk             |     2 |     6 |    11 |    19 |    16 ||    54
       Ration            |       |       |     1 |     1 |     2 ||     4
Armor: Chain mail        |    84 |   177 |   149 |   360 |   340 ||  1110
       Scale mail        |    13 |       |       |       |       ||    13
       Plate armour      |       |       |   167 |    56 |       ||   223
Dodge: Dodged            |    50 |    69 |    77 |   147 |   124 ||   467
       Deflected         |       |       |       |    17 |     1 ||    18
Block: Shield            |    67 |   139 |   267 |   316 |       ||   789
       Large shield      |       |       |       |   162 |   655 ||   817

Levels and vault maps discovered:
D:1:      dpeg_arrival_tiny_c, layout_loops_ring
D:2:      layout_loops_ring, chequers_ecumenical_altar_simple_redux,
          minmay_split_cup_small
D:3:      layout_loops_corners, grunt_temple_overflow_open,
          grunt_qazlal_sundering, ebering_ghost_reflecting_pool, first_ration,
          uniq_grinder, uniq_jessica, uniq_robin, uniq_terence
D:4:      layout_loops_cross, overflow_temple_1_default,
          nicolae_ossuary_entry_monument
D:5:      layout_cave_pools, basic_altar
D:6:      layout_layer_cave, minmay_temple_entry_gardened_gates,
          corexii_item_surrounded_by_moat
D:7:      layout_basic, grunt_temple_overflow_order_and_chaos_2,
          kennysheep_generic_room_9
D:8:      layout_loops_ring, hangedman_pestilent_swarm
D:9:      layout_loops_cross, david_orc_4
D:10:     layout_cave_pools
D:11:     layout_rooms, dpeg_lair_monsters, basic_altar
Temple:   eino_temple_rhombus
Lair:1:   beast_lair_carwin_large_4, layout_long_grid,
          grunt_forest_small_clearings, lemuel_centaur_altar, grunt_megastairs_5
Lair:2:   layout_gridlike, tgw_fedhas, infiniplex_staircase_pool
Lair:3:   layout_misc_corridors, minmay_holes, serial_bayou_shore_b,
          grunt_megastairs_3, serial_bayou_shore_a, lemuel_fruit_tree
Lair:4:   layout_loops_ring, minmay_shoals_entry_centaurs,
          nicolae_spider_entry_tight_spaces, beast_lair_carwin_1
Lair:5:   layout_small_grid, minmay_lair_oklob_items
Lair:6:   gammafunk_lair_ancient_temple, layout_cave_pods,
          nicolae_slime_entry_slimehenge, roderic_batcave, grunt_megastairs_4,
          lemuel_fruit_fields
Orc:1:    layout_caves, basic_altar, serial_shops, shop, uniq_sonja
Orc:2:    st_orc_town, layout_caves, uniq_donald, uniq_josephine, uniq_rupert
Ossuary:  ossuary_minmay_chase
